Unix NetHack Version 5.0.0-0 post-release - last build Jul 14 2026 02:55:29 (1809b74e8187c3a3585e283601c3028b46cbbdcb,branch:main).

Game began 2026-07-14 05:01:34, ended 2026-07-14 21:07:49.

IanCurtis, chaotic male elven Wizard

                                          #*)##############
                        -------------------.--------  ---##        ..........|
                        |...|..|..|..|..|...)-..|..|  |.|#          --- --- --
                        |...-..|..|..|..-....| .|..    .|#
                        |...----|--..---.....----|-----.|#
                        |.)..[.(..#.........*...........|#
                        |...-%-----.|........-+-----|--.|#          --|-----
                        |...|.. |....|{......|  |..|..|.|#          |..^...|
                        |...|%..|....|.......|   ..|..|.|###########.......|
                        |...|.%.|.(..|...).'@-----|----.|#          |.>....|
                        |...|...|....|....{).@..........|#          --------
      |                 |.[.|----------.-------+-------.|#
      |.....-           ....-.(](|    |.-..((|         .|#
      |                 |...|..(.|    +.|.(((|        |.|#
                        -...|.(..|    |.|.]((|        |.|#
                        |...-----------.---------------.|#
                        |...............................|#
                        ---------------------------------#

IanCurtis the Thaumaturge  St:15 Dx:14 Co:12 In:19 Wi:9 Ch:9  Chaotic
Dlvl:5  $:209 HP:0(48) Pw:1(90) AC:8  Xp:8 T:4748 

Latest messages:
 In what direction? h
 The spell hits the gold golem!
 The hobgoblin throws a knife!
 You are hit by a knife.
 It misses the rock mole.
 It misses the rock mole.
 In what direction? k
 The spell hits the hobgoblin!
 You kill the hobgoblin!
 It bites the rock mole.
 The rock mole misses it.
 You hit the gold golem!
 The gold golem hits!
 The gold golem hits again!
 It misses the rock mole.
 You hit the gold golem.
 The gold golem hits!
 The gold golem hits again!
 It misses the rock mole.
 It bites the rock mole.
 The rock mole is killed!
 In what direction? .
 You feel better.
 The gold golem hits!
 The gold golem hits again!
 You hit the gold golem.
 The housecat picks up a rock.
 You hit the gold golem!
 The gold golem hits!
 The gold golem hits again!
 In what direction? .
 You feel better.
 The gold golem hits!
 The gold golem hits again!
 You hit the gold golem!
 The gold golem hits!
 The gold golem hits again!
 You miss the gold golem.
 You hit the gold golem!
 The gold golem hits!
 The gold golem hits again!
 In what direction? .
 You feel better.
 The gold golem hits!
 The gold golem hits again!
 You hit the gold golem!
 The gold golem hits!
 The gold golem hits again!
 You die...
 Do you want your possessions identified? [ynq] (y) q

Inventory:
 Coins    ('$')
  $ - 209 gold pieces
 Weapons  (')')
  a - a blessed +1 quarterstaff (weapon in hands)
 Armor    ('[')
  I - an uncursed greased +0 orcish helm (being worn)
  b - an uncursed greased +0 cloak of magic resistance (being worn)
 Comestibles  ('%')
  E - 2 uncursed cram rations
  p - an uncursed eucalyptus leaf
  X - an uncursed food ration
  J - a cursed food ration
  O - an uncursed fortune cookie
 Scrolls  ('?')
  j - an uncursed scroll of blank paper
  N - a cursed scroll of create monster
  i - 2 uncursed scrolls of enchant weapon
  P - a cursed scroll of fire
  w - an uncursed scroll of food detection
  A - an uncursed scroll of light
  u - 2 uncursed scrolls of magic mapping
  t - an uncursed scroll of remove curse
  L - a cursed scroll of remove curse
 Spellbooks  ('+')
  H - a blessed spellbook of force bolt
  n - an uncursed spellbook of healing
  l - an uncursed spellbook of protection
 Potions  ('!')
  g - an uncursed potion of extra healing
  v - an uncursed potion of object detection
  C - an uncursed potion of paralysis
  h - an uncursed potion of restore ability
  f - an uncursed potion of see invisible
  S - 3 potions of unholy water
 Rings    ('=')
  K - an uncursed +2 ring of increase accuracy
  U - a cursed ring of poison resistance
  e - an uncursed ring of shock resistance
 Wands    ('/')
  c - a blessed wand of digging (0:7)
  o - a wand of digging (0:8)
  M - a wand of digging (0:8)
  T - a wand of digging (0:6)
  F - a wand of polymorph (0:5)
  z - a wand of sleep (0:4)
  Q - a wand of slow monster (0:7)
  R - a wand of striking (0:0)
 Tools    ('(')
  y - a magic flute (0:4)
  D - an uncursed blindfold
  W - a can of grease (0:7)
  k - an uncursed lock pick
  m - a magic marker (0:19)
  r - an uncursed magic whistle
  d - a +0 pick-axe
  s - an uncursed stethoscope

IanCurtis the Wizard's attributes:

Background:
 You were a Thaumaturge, a level 8 male elven Wizard.
 You were chaotic, on a mission for Anhur
 who was opposed by Ptah (lawful) and Thoth (neutral).
 You were right-handed.
 You were in the Gnomish Mines, on level 5.
 You entered the dungeon 4748 turns ago.
 There was a new moon in effect when your adventure ended.
 You had 1378 experience points, 1182 more were needed to attain level 9.

Basics:
 You had 0 out of 48 hit points.
 You had 1 out of 90 energy points (spell power).
 Your armor class was 8.
 Your wallet contained 209 zorkmids.
 Autopickup was off.

Final Characteristics:
 Your strength was 15 (limit:18).
 Your dexterity was 14 (limit:18).
 Your constitution was 12 (limit:16).
 Your intelligence was 19 (limit:20).
 Your wisdom was 9 (limit:20).
 Your charisma was 9 (limit:18).

Final Status:
 You weren't hungry.
 You were unencumbered.
 You were wielding a quarterstaff.
 You were skilled in quarterstaff.

Final Attributes:
 You were piously aligned.
 You were magic-protected.
 You were sleep resistant.
 You had infravision.
 You were warded.
 You are dead.

Miscellaneous:
 You encountered 1 bones level.
 Total elapsed playing time was 35 minutes and 25 seconds.

Major events:
 Turn
    1: IanCurtis the chaotic male elven Wizard entered the dungeon
  516: entered the Gnomish Mines
  564: attained the rank of Conjurer (level 3)
 1782: attained the rank of Thaumaturge (level 6)
 3805: reached Mine Town
 4748: killed by a gold golem

Spells:
 Name                 Level Category     Fail Retention
 force bolt             1   attack         0%   76%-80%
 protection             1   clerical       0%  76%-100%
 healing                1   healing        0%  76%-100%

Skills:
 Fighting Skills
   bare handed combat [Unskilled]
   riding             [Unskilled]
 Weapon Skills
   dagger             [Unskilled]
   knife              [Unskilled]
   axe                [Unskilled]
   short sword        [Unskilled]
   club               [Unskilled]
   mace               [Unskilled]
   quarterstaff       [Skilled]
   polearms           [Unskilled]
   spear              [Unskilled]
   trident            [Unskilled]
   sling              [Unskilled]
   dart               [Unskilled]
   shuriken           [Unskilled]
 Spellcasting Skills
   attack spells      [Skilled]
   healing spells     [Unskilled]
   divination spells  [Unskilled]
   enchantment spells [Basic]
   clerical spells    [Unskilled]
   escape spells      [Unskilled]
   matter spells      [Unskilled]

Voluntary challenges:
 Character rerolling was not enabled.
 You never genocided any monsters.
 You never polymorphed an object.
 You never changed form.
 You used no wishes.
Achievements:
 You entered the Gnomish Mines.
 You attained the rank of Conjurer.
 You attained the rank of Thaumaturge.
 You entered Minetown.
 You entered a temple.
 You entered a shop.

 The Dungeons of Doom: levels 1 to 3
    Level 1:
    Level 2:
       A fountain.
       Stairs down to The Gnomish Mines.
    Level 3:
 The Gnomish Mines: levels 3 to 8
    Level 3:
    Level 4:
    Level 5: <- You were here.
       Some shops, a temple and an altar, some fountains, a grave.
       Final resting place for
          you, killed by a gold golem,
          Lanfaedhe-Val-Dwa-Fem-Law, killed by a giant beetle.
    Level 6:
    Level 7:
    Level 8:


Vanquished creatures:
  a ghost
  2 giant beetles
  a quivering blob
  a brown pudding
  a gold golem
  a werewolf
  a lizard
  a gnome mummy
  a rope golem
  a mountain nymph
  6 Mordor orcs
  8 Uruk-hai
  a rock mole
  a pony
  a shrieker
  9 gnome leaders
  3 gnomish wizards
  a little dog
  a floating eye
 12 dwarves
  a kobold leader
  a kobold shaman
  2 giant bats
  a wererat
  2 iguanas
  2 coyotes
  a hobbit
  a hobgoblin
  2 giant rats
  a cave spider
  a green mold
  a red mold
 42 gnomes
  2 garter snakes
  2 gnome zombies
  a jackal
  2 kobolds
  5 goblins
  6 grid bugs
  5 bats
  5 lichens
  4 newts
144 creatures vanquished.

No species were genocided or became extinct.

Game over:
                       ----------
                      /          \
                     /    REST    \
                    /      IN      \
                   /     PEACE      \
                  /                  \
                  |    IanCurtis     |
                  |      209 Au      |
                  | killed by a gold |
                  |      golem       |
                  |                  |
                  |                  |
                  |       2026       |
                 *|     *  *  *      | *
        _________)/\\_//(\/(/\)/\//\/|_)_______

Goodbye IanCurtis the Wizard...

You died in The Gnomish Mines on dungeon level 5 with 6051 points,
and 209 pieces of gold, after 4748 moves.
You were level 8 with a maximum of 48 hit points when you died.

